 Dungeon Crawl Stone Soup version 0.28.0-43-g3370ac3207 (webtiles) character file.

Game seed: 12519793996465677402

8 sizableburger the Skirmisher (level 2, -1/18 HPs)
             Began as a Deep Elf Abyssal Knight on Mar 11, 2022.
             Was a Follower of Lugonu.
             Slain by a jackal (2 damage)
             ... on level 1 of the Dungeon.
             The game lasted 00:00:52 (557 turns).

sizableburger the Skirmisher (DEAK)                  Turns: 557, Time: 00:00:53

Health: -1/18      AC:  3    Str: 10    XL:     2   Next: 0%
Magic:  5/5        EV: 12    Int: 14    God:    Lugonu [*.....]
Gold:   0          SH:  0    Dex: 15    Spells: 1/1 levels left

rFire   . . .      SeeInvis .   a - +1 hand axe
rCold   . . .      Faith    .   (no shield)
rNeg    . . .      Spirit   .   b - +0 leather armour
rPois   .          Reflect  .   (no helmet)
rElec   .          Harm     .   (no cloak)
rCorr   .          Rampage  .   (no gloves)
Will    +....                   (no boots)
Stlth   +.........              (no amulet)
HPRegen 0.06/turn               d - ring of willpower
MPRegen 0.09/turn               (no ring)

@: about to teleport
A: no striking features
a: Renounce Religion, Depart the Abyss


You were on level 1 of the Dungeon.
You worshipped Lugonu.
Lugonu was aware of your devotion.
You visited 1 branch of the dungeon, and saw 1 of its levels.
You visited the Abyss 1 time.

Inventory:

Hand Weapons
 a - a +1 hand axe (weapon)
Armour
 b - a +0 leather armour (worn)
Jewellery
 d - a ring of willpower (left hand)
Scrolls
 f - a scroll of identify {unknown}
Potions
 e - a potion of degeneration {unknown}


   Skills:
 + Level 2.6 Fighting
 + Level 1.9 Axes
 - Level 0.7 Armour
 - Level 2.4 Dodging
 - Level 2.0 Invocations


You had one spell level left.
You didn't know any spells.
Your spell library was empty.

Dungeon Overview and Level Annotations

Branches:
Dungeon (1/15)

Altars:


Message History

You hit the jackal.
You kill the jackal!
Lugonu accepts your kill.
You closely miss the jackal. x2
The jackal bites you but does no damage.
The jackal bites you. The jackal barely misses you. The ball python bites you.
The ball python grabs you. The ball python constricts you.
You have reached level 2!
You escape the ball python's grasp.
The jackal bites you.
The jackal bites you but does no damage.
The jackal closely misses you. The jackal barely misses you.
The jackal closely misses you.
The jackal bites you but does no damage.
The jackal closely misses you.
The jackal bites you but does no damage. x2
The jackal bites you. The jackal barely misses you.
The jackal barely misses you. The jackal barely misses you.
The jackal bites you.
* * * LOW HITPOINT WARNING * * *
The jackal barely misses you. The jackal closely misses you.
The jackal bites you.
* * * LOW HITPOINT WARNING * * *
The jackal bites you but does no damage.
The jackal closely misses you.
You barely miss the jackal. The jackal barely misses you. The jackal bites you.
* * * LOW HITPOINT WARNING * * *
You hit the jackal.
The jackal is heavily wounded.
The jackal closely misses you.
You hit the jackal.
The jackal is almost dead.
The jackal misses you. The jackal closely misses you.
As you read the scroll labelled XUUXZI VIKULOUC, it crumbles to dust.
You feel strangely unstable.
It was a scroll of teleportation.
The jackal bites you but does no damage.
The jackal bites you.
You die...

..............
#.............
##.............
#..............
###.....#......##
##................
#........#.###..#.
####..............
#@hhh.............
####......##.#..#.
#......##.#..#.
#..............
#......##.#..#.
#......##.#..#.
#..#......#..#
#..#......#...
#..#......# #.


You could see 3 jackals.

Vanquished Creatures
  A bat (D:1)
  2 goblins (D:1)
  A hobgoblin (D:1)
  A jackal (D:1)
  A frilled lizard (D:1)
  A rat (D:1)
7 creatures vanquished.

Notes
Turn   | Place    | Note
-------+----------+-------------------------------------------
     0 | Abyss:1  | sizableburger the Deep Elf Abyssal Knight began the quest
                  | for the Orb.
     0 | Abyss:1  | Reached XP level 1. HP: 13/13 MP: 4/4
    11 | D:1      | Escaped the Abyss
   513 | D:1      | Noticed a golden eye
   516 | D:1      | Found a faded altar of an unknown god.
   530 | D:1      | Reached XP level 2. HP: 8/18 MP: 5/5
   557 | D:1      | Slain by a jackal

Illustrated notes

Levels and vault maps discovered:
D:1:      heliophobic_arrival_dark_side_of_the_moon, layout_basic,
          hellmonk_ecumenical_altar_watching_god, moated_statue,
          roderic_roman_lattice

Action                   || total
-------------------------++-------
Melee: Hand axe          ||    21
  Use: Scroll            ||     1
Armor: Leather armour    ||    17
Dodge: Dodged            ||    29
